AoeStats
← Erickinio

Oasis

508012920Analyzed
4v4 RM · 12d ago on Sep 20, 2026· 71m 28s· 8 players
Game mode
Random Map
Map size
Large (8 player)
Population
200
Speed
Normal
Resources
Standard
Victory
Conquest
Starting age
Dark Age
Ending age
Imperial Age
RankedLock teamsTeams togetherTeam positionsShared explorationLock speedFull tech treeHidden civsTurbo modeCheats
Victory
Defeat
🇹🇼 Bohemians · Taiwan
1110
+18
🇹🇼 Mongols · Taiwan
1078
+9
🇦🇷 Celts · Argentina
808
+20
🇹🇼 Gurjaras · Taiwan
497
+29
🇨🇳 Koreans · China
921
-17
🇺🇸 Romans · United States
921
-18
🇹🇼 Vietnamese · Taiwan
861
-16
🇹🇷 Saracens · Türkiye
836
-15
Torvuh
5:36 Loom
10:34 Loom
12:19 Feudal Age
13:46 Horse Collar
13:53 Double-Bit Axe
16:51 Castle Age
16:09 Wheelbarrow
17:41 Bow Saw
18:10 Caravan
21:30 Gold Mining
21:30 Stone Mining
21:45 Heavy Plow
34:52 Imperial Age
32:38 Hand Cart
32:29 Husbandry
32:39 Bloodlines
33:08 Scale Barding Armor
33:13 Forging
33:42 Man-at-Arms
34:23 Squires
34:24 Scale Mail Armor
34:44 Chain Barding Armor
35:10 Ballistas
35:34 Ballistics
35:41 Ballistics
34:57 Long Swordsman
35:00 Elite Centurion
36:11 Comitatenses
36:12 Conscription
37:24 Legionary
37:34 Heavy Scorpion
40:04 Plate Barding Armor
40:04 Iron Casting
39:44 Chain Mail Armor
42:09 Siege Engineers
43:05 Chemistry
55:10 Blast Furnace
FAKEDICK
11:24 Feudal Age
22:09 Castle Age
27:03 Elite Skirmisher
28:52 Thumb Ring
32:11 Double-Bit Axe
50:35 Caravan
54:04 Bow Saw
54:04 Horse Collar
55:47 Heavy Plow
57:13 Light Cavalry
58:04 Bloodlines
61:10 Town Watch
62:01 Wheelbarrow
61:50 Ballistics
61:11 Treadmill Crane
61:44 Husbandry
64:05 Fortified Wall
64:52 Hand Cart
69:12 Imperial Age
68:23 Coinage
69:21 Imperial Skirmisher
69:27 Imperial Skirmisher
70:54 Crop Rotation
70:47 Paper Money
fbaha
0:31 Loom
13:10 Feudal Age
13:36 Double-Bit Axe
13:32 Horse Collar
15:46 Gold Mining
15:46 Stone Mining
17:05 Wheelbarrow
22:19 Castle Age
23:23 Bow Saw
24:35 Fervor
25:19 Gold Shaft Mining
25:35 Hand Cart
25:15 Treadmill Crane
27:27 Heavy Plow
36:23 Imperial Age
34:24 Murder Holes
34:40 Fortified Wall
34:52 Ballistics
34:55 Caravan
36:14 Scale Barding Armor
36:09 Scale Mail Armor
36:19 Forging
36:09 Town Watch
36:46 Husbandry
37:09 Town Patrol
36:38 Elite Mameluke
37:39 Conscription
38:38 Chemistry
38:53 Chain Barding Armor
38:48 Chain Mail Armor
41:24 Plate Barding Armor
41:19 Plate Mail Armor
41:24 Iron Casting
54:44 Counterweights
54:32 Heavy Camel Rider
54:33 Light Cavalry
55:24 Bloodlines
饥渴的右键
8:47 Loom
10:42 Feudal Age
19:06 Wheelbarrow
24:44 Castle Age
24:37 Fletching
25:47 Double-Bit Axe
25:42 Crossbowman
29:36 Bow Saw
30:55 Bodkin Arrow
31:13 Gold Mining
33:19 Horse Collar
35:10 Gold Shaft Mining
38:07 Eupseong
38:46 Thumb Ring
45:40 Imperial Age
46:59 Arbalester
49:11 Conscription
54:54 Elite Fire Lancer
56:09 Heavy Rocket Cart
57:10 Hand Cart
57:36 Bracer
58:15 Fortified Wall
58:04 Murder Holes
58:46 Shinkichon
60:20 Town Watch
61:38 Two-Man Saw
62:05 Capped Ram
63:03 Caravan
LOUIS文
12:07 Feudal Age
16:30 Castle Age
14:24 Double-Bit Axe
14:22 Horse Collar
17:43 Bow Saw
36:22 Imperial Age
35:05 Padded Archer Armor
36:22 Wheelbarrow
35:52 Loom
35:53 Town Watch
37:22 Chemistry
37:32 Wagenburg Tactics
38:37 Hand Cart
39:02 Heavy Plow
38:26 Pikeman
39:07 Squires
38:52 Arson
39:19 Town Patrol
41:12 Two-Man Saw
40:05 Elite Hussite Wagon
41:49 Leather Archer Armor
41:25 Fletching
42:04 Ballistics
42:58 Halberdier
45:44 Ring Archer Armor
45:16 Scale Mail Armor
45:26 Forging
45:46 Conscription
45:08 Elite Skirmisher
46:56 Bodkin Arrow
48:25 Bracer
48:41 Chain Mail Armor
49:01 Iron Casting
58:36 Caravan
60:45 Houfnice
67:28 Siege Engineers
67:33 Masonry
暗魔陰蒂
0:38 Loom
13:45 Feudal Age
18:58 Wheelbarrow
18:09 Town Watch
20:06 Man-at-Arms
25:59 Arson
28:39 Horse Collar
28:59 Double-Bit Axe
37:57 Castle Age
37:16 Forging
37:06 Scale Mail Armor
37:11 Scale Barding Armor
36:57 Fletching
37:07 Padded Archer Armor
38:56 Bow Saw
39:14 Hand Cart
38:59 Town Patrol
41:10 Stone Mining
47:10 Light Cavalry
48:00 Bloodlines
47:51 Husbandry
63:19 Stone Shaft Mining
64:24 Caravan
64:55 Coinage
67:37 Iron Casting
67:17 Chain Mail Armor
67:22 Chain Barding Armor
66:58 Bodkin Arrow
67:18 Leather Archer Armor
67:45 Masonry
67:15 Treadmill Crane
67:56 Ballistics
67:31 Murder Holes
67:27 Guard Tower
68:29 Heated Shot
68:49 Fortified Wall
72:50 Imperial Age
71:28 Kshatriyas
:D:D:D:D
0:27 Loom
12:43 Feudal Age
13:10 Double-Bit Axe
13:07 Horse Collar
14:03 Wheelbarrow
18:37 Castle Age
16:46 Stone Mining
19:32 Bow Saw
23:05 Fletching
24:05 Gold Mining
32:38 Caravan
33:53 Bodkin Arrow
35:37 Gold Shaft Mining
36:20 Hand Cart
38:40 Imperial Age
36:44 Padded Archer Armor
38:16 Leather Archer Armor
39:38 Thumb Ring
39:59 Parthian Tactics
40:02 Conscription
39:03 Elite Mangudai
40:12 Heavy Plow
40:38 Capped Ram
41:20 Bracer
42:11 Drill
43:02 Siege Ram
43:48 Nomads
43:29 Heavy Camel Rider
44:11 Husbandry
44:21 Bloodlines
45:16 Ballistics
45:58 Chemistry
45:37 Scale Barding Armor
45:42 Forging
46:48 Hoardings
47:22 Siege Engineers
49:20 Chain Barding Armor
49:35 Iron Casting
59:21 Onager
60:34 Siege Onager
Erickinio
11:00 Feudal Age
9:41 Loom
11:34 Double-Bit Axe
17:11 Castle Age
17:09 Gold Mining
18:27 Bow Saw
21:25 Treadmill Crane
25:00 Wheelbarrow
26:48 Murder Holes
27:05 Masonry
27:13 Hand Cart
29:54 Stone Mining
32:52 Imperial Age
31:39 Stronghold
32:32 Stone Shaft Mining
32:33 Gold Shaft Mining
32:14 Pikeman
32:40 Gambesons
33:07 Forging
32:58 Scale Mail Armor
33:17 Town Watch
34:03 Conscription
34:32 Gold Shaft Mining
34:21 Onager
35:54 Iron Casting
35:35 Chain Mail Armor
36:26 Chemistry
36:08 Caravan
36:33 Elite Woad Raider
37:56 Furor Celtica
40:05 Siege Engineers
40:12 Halberdier
42:01 Siege Onager
44:18 Blast Furnace
44:19 Plate Mail Armor
44:05 Arson
46:43 Heavy Scorpion
48:55 Ballistics
52:33 Guilds
52:46 Man-at-Arms
54:14 Long Swordsman
63:38 Horse Collar
64:27 Town Patrol
64:26 Fletching
64:37 Padded Archer Armor
70:56 Bodkin Arrow
71:16 Leather Archer Armor
Connection lost

Rejoining the realm…

Still unreachable

The connection could not be restored.

Session expired

The server has moved on; the page needs a fresh start.